 Dungeon Crawl Stone Soup version 0.28-a0-535-g6f645e4c1d (webtiles) character file.

Game seed: 9537910894628772034

1343 avis the Skirmisher (level 8, 0/55 HPs)
             Began as an Octopode Transmuter on Sept 26, 2021.
             Slain by an orc priest (5 damage)
             ... on level 6 of the Dungeon.
             The game lasted 00:33:14 (8175 turns).

avis the Skirmisher (Octopode Transmuter)           Turns: 8175, Time: 00:33:17

Health: 0/55       AC:  1    Str: 12    XL:     8   Next: 62%
Magic:  11/12      EV: 13    Int: 15    God:
Gold:   199        SH:  0    Dex: 12    Spells: 5/13 levels left

rFire   + . .      SeeInvis .   a - +0 dagger
rCold   . . .      Faith    .   (no shield)
rNeg    . . .      Spirit   .   (helmet restricted)
rPois   .          Reflect  .   (no amulet)
rElec   .          Harm     .   f - ring of resist corrosion
rCorr   +          Rampage  .   n - ring of protection from fire
Will    .....                   (no ring)
Stlth   +++.......              (no ring)
HPRegen 0.18/turn               (no ring)
MPRegen 0.13/turn               (no ring)
                                (no ring)
                                (no ring)

@: no status effects
A: almost no armour, amphibious, 8 rings, camouflage 1, gelatinous body 1,
(nimble swimmer 1), tentacles
a: no special abilities


You were on level 6 of the Dungeon.
You visited 1 branch of the dungeon, and saw 6 of its levels.
You also visited: Sewer.

You collected 199 gold pieces.

Inventory:

Hand Weapons
 a - a +0 dagger (weapon)
Missiles
 c - 24 bolts
 g - 278 stones
 h - 8 poisoned darts
 j - 50 arrows
 y - 5 boomerangs
Jewellery
 f - a ring of resist corrosion (left tentacle)
 n - a ring of protection from fire (right tentacle)
Wands
 v - a wand of polymorph (7)
Scrolls
 b - 2 scrolls of vulnerability {unknown}
 d - 2 scrolls of teleportation {unknown}
 e - 2 scrolls of brand weapon {unknown}
 i - 2 scrolls of amnesia {unknown}
 l - 2 scrolls of fear {unknown}
 o - a scroll of holy word {unknown}
 p - a scroll of torment {unknown}
 r - a scroll of enchant armour {unknown}
 s - 2 scrolls of identify {unknown}
 x - a scroll of immolation {unknown}
 A - a scroll of blinking {unknown}
Potions
 k - a potion of curing
 m - a potion of brilliance {unknown}
 q - 4 potions of flight
 t - a potion of berserk rage {unknown}
 u - 2 potions of lignification {unknown}
 w - a potion of heal wounds
 z - a potion of degeneration {unknown}


   Skills:
 - Level 5.0 Fighting
 - Level 3.0 Dodging
 - Level 4.0 Stealth
 - Level 5.0 Unarmed Combat
 - Level 3.0 Spellcasting
 * Level 4.5 Transmutations
 - Level 4.0 Ice Magic
 - Level 3.0 Poison Magic


You had 5 spell levels left.
You knew the following spells:

 Your Spells              Type           Power      Damage    Failure   Level
a - Beastly Appendage     Tmut           30%        N/A       3%          1
p - Spider Form           Tmut/Pois      6%         N/A       13%         3
q - Ice Form              Ice/Tmut       15%        N/A       34%         4

Your spell library contained the following spells:

 Spells                   Type           Power      Damage    Failure   Level
 Wereblood                Tmut           15%        N/A       4%          2
 Pain                     Necr           8%         1d4       21%         1
 Slow                     Hex            2%         N/A       30%         2
 Call Canine Familiar     Summ           2%         N/A       52%         3
 Confusing Touch          Hex            2%         N/A       52%         3
 Portal Projectile        Hex/Tloc       4%         N/A       52%         3
 Leda's Liquefaction      Hex/Erth       1%         N/A       89%         4
 Yara's Violent Unravell  Hex/Tmut       4%         3d4       91%         5
 Agony                    Necr           2%         N/A       99%         5
 Excruciating Wounds      Necr           1%         N/A       99%         5


Dungeon Overview and Level Annotations

Branches:
Dungeon (6/15)              Sewer (visited)
 Temple: D:4-7

Altars:
Ashenzari

Shops:
D:6 =

Annotations:
D:4 Menkaure


Innate Abilities, Weirdness & Mutations

You cannot wear most types of armour.
You are amphibious.
You can wear up to eight rings at the same time.
Your skin changes colour to match your surroundings (Stealth+).
Your rubbery body absorbs attacks. (AC +1, EV +1)
((You are camouflaged near water. (Stealth+)))
You have tentacles for arms and can constrict up to eight enemies at once.


Message History

You kill the orc priest!
You hit the orc wizard but do no damage.
Your transformation is almost over.
The orc wizard mumbles some strange words.
The orc wizard flickers and vanishes!
Deactivating autopickup; reactivate with Ctrl-A.
You miss something. You closely miss something. Something hits you.
The orc priest calls down the wrath of Beogh upon you.
Beogh smites you!
You hear a shout! x2
You closely miss something.
You hear some strange, mumbled words.
A puff of flame appears from out of thin air!
The puff of flame hits you. You resist.
You hit something but do no damage. Something hits you.
You hit something. Something hits you.
You barely miss the orc priest.
The orc priest hits you with a +0 short sword.
Something hits you.
You closely miss something.
The orc priest mumbles some strange prayers to Beogh against you.
You struggle to resist.
You bite the orc priest!
The orc priest is poisoned.
The orc priest is heavily wounded.
The orc priest misses you. Something barely misses you.
You barely miss the orc priest.
The orc priest is heavily wounded.
The orc warrior hits you with a +0 mace!
* * * LOW HITPOINT WARNING * * *
The orc priest closely misses you.
You hear some strange, mumbled words.
You are confused.
You feel better.
Your transformation has ended.
Your +0 dagger unmelds from your body.
The orc warrior hits you with a +0 mace!
* * * LOW HITPOINT WARNING * * *
The orc priest hits you with a +0 short sword.
You die... .... ..? oo. oo

#.## #.o# ### #..#
##..## #.###.....#
#oo@......#
##.o{......#
#.........##
##........# #..#
#...>...## ##..##
#.......######....##
##.................#
##................#
#..................


You could see an orc warrior, an orc priest (very poisoned) and an orc.

Vanquished Creatures
  A water moccasin (D:5)
  An orc warrior (D:5)
  A sky beast (D:5)
  A black bear (D:5)
  2 ogres
  A centaur (D:5)
  A kobold brigand (Sewer)
  A bullfrog (D:4)
  A hound (D:5)
  2 centaur skeletons
  2 orc priests
  A jelly (D:3)
  A bullfrog skeleton (D:4)
  A gnoll shaman (D:5)
  An iguana (D:6)
  An orc wizard (D:5)
  2 hound skeletons
  Robin (D:4)
  2 adders (D:3)
  9 gnolls
  A howler monkey skeleton (D:3)
  4 river rats
  An ufetubus (D:5)
  An adder skeleton (D:4)
  A worm (D:4)
  4 dart slugs
  8 orcs
  9 endoplasms
  A giant cockroach (D:3)
  9 goblins
  9 hobgoblins
  2 jackals (Sewer)
  6 kobolds
  5 quokkas
  7 ball pythons
  6 bats
  2 frilled lizards (D:1)
  12 rats
121 creatures vanquished.

Notes
Turn   | Place    | Note
-------+----------+-------------------------------------------
     0 | D:1      | avis the Octopode Transmuter began the quest for the Orb.
     0 | D:1      | Reached XP level 1. HP: 13/13 MP: 3/3
   518 | D:1      | Reached XP level 2. HP: 19/19 MP: 3/5
   556 | D:1      | Found a faded altar of an unknown god.
   741 | D:1      | Reached skill level 1 in Stealth
  1608 | D:2      | Reached XP level 3. HP: 18/24 MP: 4/6
  1968 | D:2      | Learned a level 3 spell: Spider Form
  2282 | D:2      | Reached skill level 1 in Poison Magic
  2756 | D:3      | Reached XP level 4. HP: 29/29 MP: 4/7
  3543 | D:4      | Reached XP level 5. HP: 29/36 MP: 5/8
  3600 | D:4      | Found a glowing drain.
  3607 | Sewer    | Entered a sewer
  3852 | Sewer    | Noticed a kobold brigand
  3874 | Sewer    | Killed a kobold brigand
  3875 | Sewer    | Reached XP level 6. HP: 41/43 MP: 6/9
  3914 | Sewer    | Found a white marble altar of Elyvilon.
  4656 | D:4      | Noticed Robin
  4684 | D:4      | Killed Robin
  4849 | D:4      | Found a broken altar of Ashenzari.
  5085 | D:4      | Reached XP level 7. HP: 39/48 MP: 11/11
  5437 | D:4      | Noticed Menkaure
  5593 | D:5      | Entered Level 5 of the Dungeon
  5882 | D:5      | Reached skill level 5 in Fighting
  6110 | D:5      | Reached skill level 5 in Unarmed Combat
  6265 | D:5      | Learned a level 4 spell: Ice Form
  6329 | D:5      | Reached XP level 8. HP: 33/55 MP: 6/12
  8073 | D:6      | Found Tevaq's Jewellery Boutique.
  8175 | D:6      | Slain by an orc priest

Illustrated notes

Levels and vault maps discovered:
D:1:      elethiomel_arrival_infinity_welcomes_careful_drivers,
          layout_loops_cross, basic_ecumenical_altar,
          chequers_serial_rivers_large_b
D:2:      layout_loops_corners
D:3:      layout_basic
D:4:      layout_loops_ring, grunt_ashenzari_visionary
          [grunt_ashenzari_visionary_swamp, grunt_ashenzari_visionary_spider],
          lightli_sewer_entry_pipes, roderic_serpentine_path, kennysheep_potato,
          uniq_menkaure, uniq_robin
D:5:      layout_basic, grunt_ministairs_1
D:6:      layout_cave_pods, nzn_wu_jian_council_hall, serial_shops, shop

Skill      XL: |  1  2  3  4  5  6  7  8 |
---------------+-------------------------+-----
Fighting       | 2 3 4 5 |  5.0
Stealth        | 2 3 4 |  4.0
Poison Magic   | 2 3 |  3.0
Transmutations | 3 4 |  4.5
Spellcasting   | 3 |  3.0
Unarmed Combat | 4 5 |  5.0
Dodging        | 3 |  3.0
Ice Magic      | 4 |  4.0

Action                   |  1- 3 |  4- 6 |  7- 9 || total
-------------------------+-------+-------+-------++-------
Melee: Unarmed           |    37 |    91 |   112 ||   240
       Constrict         |    23 |    15 |     2 ||    40
       Tentacles         |     9 |    13 |     4 ||    26
       Dagger            |    45 |    63 |     9 ||   117
       Kick              |    15 |    13 |     3 ||    31
       Punch             |     1 |       |       ||     1
 Cast: Beastly Appendage |    29 |    23 |     4 ||    56
       Spider Form       |     2 |    12 |    20 ||    34
  Use: Potion            |       |     1 |     3 ||     4
 Stab: Sleeping          |     5 |    12 |     3 ||    20
Armor: Skin              |     6 |     9 |    10 ||    25
Dodge: Dodged            |    38 |   112 |   129 ||   279

Table legend: (Time is in decaauts)
 A = Elapsed time spent in this place.
 B = Non-inter-level travel time spent in this place.
 C = Inter-level travel time spent in this place.
 D = Time resting spent in this place.
 E = Time spent auto-exploring this place.
 F = Levels seen in this place.
 G = Mean time per level.
                   A        B        C        D        E       F      G
               +--------+--------+--------+--------+--------+-----+--------+
         Total |   8177 |   7629 |    548 |   2698 |   3152 |   7 | 1168.1 |
       Dungeon |   7835 |   7287 |    548 |   2533 |   3144 |   6 | 1305.8 |
         Sewer |    342 |    342 |      0 |    165 |      8 |   1 |  342.0 |
               +--------+--------+--------+--------+--------+-----+--------+

Top non-repeatable levels by time:
     D:5: 2171 daAuts
     D:4: 1601 daAuts
     D:1: 1438 daAuts
     D:2: 1210 daAuts
     D:3: 1111 daAuts
   Sewer: 342 daAuts
     D:6: 302 daAuts
